 Dungeon Crawl Stone Soup version 0.22-a0-855-g415d086bb8 (webtiles) character file.

51 IcyTea the Stinger (level 3, 0/24 HPs)
             Began as a Demonspawn Venom Mage on July 27, 2018.
             Slain by an adder (2 damage)
             ... on level 1 of the Dungeon.
             The game lasted 00:09:49 (1867 turns).

IcyTea the Stinger (Demonspawn Venom Mage)          Turns: 1867, Time: 00:09:49

Health: 0/24       AC:  3    Str:  8    XL:     3   Next: 58%
Magic:  1/6        EV: 12    Int: 17    God:
Gold:   69         SH:  0    Dex: 13    Spells: 5/6 levels left

rFire    . . .     SeeInvis .   l - -1 dagger (curse)
rCold    . . .     Gourm    .   (no shield)
rNeg     . . .     Faith    .   a - +1 robe
rPois    .         Spirit   .   (no helmet)
rElec    .         Reflect  .   (no cloak)
rCorr    .         Harm     .   (no gloves)
MR       .....                  (no boots)
Stlth    ++........             (no amulet)
HPRegen  0.08/turn              (no ring)
MPRegen  0.10/turn              (no ring)

@: very slightly contaminated
A: demonic guardian 1, rot immunity
a: no special abilities


You were on level 1 of the Dungeon.
You were not hungry.

You visited 1 branch of the dungeon, and saw 2 of its levels.

You collected 69 gold pieces.

Inventory:

Hand Weapons
 e - a cursed -2 whip
 h - a +0 short sword
 l - a cursed -1 dagger (weapon)
Missiles
 d - 18 arrows
Armour
 a - a +1 robe (worn)
Potions
 g - a potion of haste
 i - a potion of flight {unknown}
 j - a potion of agility {unknown}
Comestibles
 c - 2 rations


   Skills:
 - Level 2.0 Dodging
 - Level 1.7 Stealth
 - Level 2.0 Spellcasting
 - Level 1.0 Conjurations
 + Level 4.5 Poison Magic


You had 5 spell levels left.
You knew the following spells:

 Your Spells              Type           Power        Failure   Level  Hunger
a - Sting                 Conj/Pois      ##..         6%          1    #......

Your spell library contained the following spells:

 Spells                   Type           Power        Failure   Level  Hunger
 Mephitic Cloud           Conj/Pois/Air  #.......     26%         3    ###....
 Venom Bolt               Conj/Pois      ##........   86%         5    ######.
 Olgreb's Toxic Radiance  Pois           ###.....     30%         4    #####..
 Poisonous Vapours        Pois/Air       #.....       12%         2    ###....


Dungeon Overview and Level Annotations

Branches:
Dungeon (2/15)

Altars:

Annotations:
D:2 Robin


Innate Abilities, Weirdness & Mutations

A weak demonic guardian rushes to your aid.
You are immune to rotting.


Message History

The adder barely misses you.
You miss the adder.
The adder is almost dead.
The adder bites you.
* * * LOW HITPOINT WARNING * * *
You closely miss the adder.
The adder is almost dead.
The adder barely misses you.
You barely miss the adder.
The adder is almost dead.
The adder bites you.
* * * LOW HITPOINT WARNING * * *
The adder closely misses you.
You miss the adder.
The adder is almost dead.
The adder completely misses you.
You hit the adder but do no damage.
The adder is almost dead.
The adder bites you.
You die...

#.#.#.#.......#.#...#...
#...#.####.####.#.#.####
#.#.#...........#.#.....
#.#.#############.#.####
#.#...............#.#
#.########.########.#
#......>............#
###.###S####.########
#.# #@# #.# #.###.# #.#
#.....# #.# ####### #.#
#.# #.# #.#
#####################.#
........†.............#


You could see an adder.

Vanquished Creatures
  An adder (D:2)
  2 leopard geckos (D:1)
  A giant cockroach (D:1)
  8 goblins
  3 hobgoblins (D:1)
  4 jackals
  5 bats
  3 frilled lizards
  9 kobolds
  3 rats
39 creatures vanquished.

Notes
Turn   | Place    | Note
-------+----------+-------------------------------------------
     0 | D:1      | IcyTea the Demonspawn Venom Mage began the quest for the Orb.
     0 | D:1      | Reached XP level 1. HP: 13/13 MP: 3/3
   371 | D:1      | Gained mutation: You are immune to rotting. [demonic ancestry]
   371 | D:1      | Reached XP level 2. HP: 19/19 MP: 3/5
   736 | D:1      | Reached skill level 4 in Poison Magic
  1086 | D:1      | Gained mutation: A weak demonic guardian rushes to your aid. [demonic ancestry]
  1086 | D:1      | Reached XP level 3. HP: 24/24 MP: 3/6
  1118 | D:2      | Noticed Robin
  1867 | D:1      | Slain by an adder

Vault maps used:
D:1:      matt_arrival_refuge
D:2:      uniq_robin

Skill      XL: |  1  2 |
---------------+-------+-----
Dodging        | 2 |  2.0
Poison Magic   | 4 |  4.5
Stealth        | |  1.7
Spellcasting   | |  2.0
Conjurations   | |  1.0

Action                   || total
-------------------------++-------
Melee: Unarmed           ||     6
       Short sword       ||     1
       Dagger            ||    68
 Cast: Sting             ||    66
  Use: Scroll            ||     3
       Potion            ||     3
 Stab: Sleeping          ||     2
  Eat: Chunk             ||     4
Armor: Robe              ||    20
Dodge: Dodged            ||    74

Table legend:
 A = Spawn XP
 B = Non-spawn XP
 C = Spawn XP percentage of total XP
 D = Spawn monster count
 E = Non-spawn monster count
 F = Spawn count percentage of total count
 G = Total turns spent on level
                    A         B        C        D         E        F      G
               +---------+---------+-------+---------+---------+-------+---------
         Total |       0 |      74 |   0.0 |       0 |      39 |   0.0 |  1867
               +---------+---------+-------+---------+---------+-------+---------
           D:1 |       0 |      45 |   0.0 |       0 |      28 |   0.0 |  1608
           D:2 |       0 |      29 |   0.0 |       0 |      11 |   0.0 |   259
               +---------+---------+-------+---------+---------+-------+---------
